 Dungeon Crawl Stone Soup version 0.29-a0-187-ga23d9638d5 (webtiles) character file.

Game seed: 9215319660477022571

1069 cyrus the Chopper (level 8, -2/61 HPs)
             Began as a Human Fighter on Feb 21, 2022.
             Was a Believer of Qazlal.
             Killed from afar by an electric eel (14 damage)
             ... with a bolt of electricity
             ... on level 6 of the Dungeon.
             The game lasted 00:09:51 (5743 turns).

cyrus the Chopper (Human Fighter)                   Turns: 5743, Time: 00:09:51

Health: -2/61      AC: 11    Str: 20    XL:     8   Next: 53%
Magic:  8/8        EV: 10    Int: 11    God:    Qazlal [**....]
Gold:   253        SH:  8    Dex: 12    Spells: 7/7 levels left

rFire   . . .      SeeInvis +   a - +0 war axe
rCold   . . .      Faith    .   c - +0 buckler
rNeg    . . .      Spirit   .   v - +3 ring mail "Yvveijen" {Harm Str+3}
rPois   .          Reflect  .   (no helmet)
rElec   .          Harm     +   y - +0 cloak {Will+}
rCorr   .          Rampage  .   x - +0 pair of gloves
Will    +....                   (no boots)
Stlth   +.........              (no amulet)
HPRegen 0.20/turn               f - +4 ring of slaying
MPRegen 0.11/turn               g - ring of see invisible

@: very slow
A: no striking features
a: Renounce Religion, Upheaval


You were on level 6 of the Dungeon.
You worshipped Qazlal.
Qazlal was pleased with you.
You visited 1 branch of the dungeon, and saw 6 of its levels.

You collected 253 gold pieces.

Inventory:

Hand Weapons
 a - a +0 war axe (weapon)
Armour
 b - a +0 scale mail
 c - a +0 buckler (worn)
 v - the +3 ring mail "Yvveijen" (worn) {Harm Str+3}
   (You found it on level 5 of the Dungeon)

   Str:       It affects your strength (+3).
   Harm:      It increases damage dealt and taken.
 x - a +0 pair of gloves (worn)
 y - a +0 cloak of willpower (worn)
Jewellery
 f - a +4 ring of slaying (left hand)
 g - a ring of see invisible (right hand)
Wands
 t - a wand of iceblast (4)
Scrolls
 d - 2 scrolls of noise {unknown}
 e - a scroll of magic mapping {unknown}
 h - 4 scrolls of teleportation {unknown}
 k - 2 scrolls of enchant armour {unknown}
 l - a scroll of silence {unknown}
 p - 2 scrolls of enchant weapon {unknown}
 q - 2 scrolls of vulnerability {unknown}
 s - a scroll of immolation {unknown}
 u - a scroll of torment {unknown}
 w - a scroll of fog {unknown}
Potions
 i - a potion of ambrosia {unknown}
 j - a potion of brilliance {unknown}
 m - 3 potions of curing {unknown}
 n - a potion of lignification {unknown}
 o - a potion of attraction {unknown}
 r - a potion of cancellation {unknown}


   Skills:
 + Level 4.5 Fighting
 + Level 7.1 Axes
 + Level 4.9 Armour
 + Level 1.8 Dodging
 + Level 0.9 Stealth
 + Level 3.9 Shields
 + Level 0.1 Invocations
 + Level 0.6 Evocations


You had 7 spell levels left.
You didn't know any spells.
Your spell library was empty.

Dungeon Overview and Level Annotations

Branches:
Dungeon (6/15)
 Temple: D:4-7

Altars:
Dithmenos
Qazlal
Wu Jian

Annotations:
D:3 3 runed translucent doors, lordive's ghost, amateur SpEn


Message History

You slash the plant!
The plant begins to die.
The plant is lightly damaged.
You hit the plant.
The plant begins to die.
You hit the plant.
The plant is lightly damaged.
You slash the bullfrog skeleton! You slash the plant!
The bullfrog skeleton hits you but does no damage. x2
Your unstable footing causes you to fumble your attack.
You block the bullfrog skeleton's attack.
Your unstable footing causes you to fumble your attack.
You block the bullfrog skeleton's attack. x2
You slash the plant!
The plant is lightly damaged.
You hit the plant. You barely miss the bullfrog skeleton.
A nearby plant withers and dies. x2
The bullfrog skeleton closely misses you.
The bullfrog skeleton is struck by lightning.
You destroy the bullfrog skeleton!
Qazlal accepts your kill.
Your unstable footing causes you to fumble your attack.
An electric eel comes into view.
The electric eel shoots out a bolt of lightning at you!
The bolt of electricity hits you!
The electric eel shoots out a bolt of lightning at you!
The bolt of electricity hits you! 2 electric eels come into view.
The electric eel shoots out a bolt of lightning at you!
The bolt of electricity hits you.
The electric eel shoots out a bolt of lightning at you!
The bolt of electricity misses you.
The electric eel shoots out a bolt of lightning at you!
The bolt of electricity hits you!
The electric eel shoots out a bolt of lightning at you!
The bolt of electricity misses you.
The electric eel shoots out a bolt of lightning at you!
The bolt of electricity hits you!
* * * LOW HITPOINT WARNING * * *
The electric eel shoots out a bolt of lightning at you!
The bolt of electricity hits you!
You die...

### ...# .. .≈≈♣##
#. ##♣≈≈♣≈###
####.##≈≈≈≈≈♣≈.#
#....<♣♣≈P≈≈≈♣.#
#.##.#≈≈≈≈≈≈≈P♣
#.≈♣≈♣≈≈♣P≈♣♣.
...♣♣≈P≈≈§≈P≈≈P#
#..##≈P≈♣°@≈≈≈PP♣♣
#. #P♣≈P≈≈P≈♣≈≈♣
#♣P≈P≈≈≈≈≈≈≈≈♣
♣≈≈≈≈≈≈≈≈≈P≈≈
♣PP≈≈≈≈≈≈≈≈≈♣
♣P≈≈≈≈≈≈≈≈≈≈♣≈
.≈≈≈≈≈≈≈≈≈≈≈≈≈♣
.♣≈♣≈≈≈S≈S≈S≈≈≈
♣≈P≈≈≈≈≈≈≈≈≈P♣


You could see 3 electric eels.

Vanquished Creatures
  A sky beast (D:5)
  A black bear (D:5)
  An ice beast (D:5)
  An ogre (D:5)
  A scorpion (D:5)
  A water moccasin zombie (D:4)
  2 bullfrog zombies (D:4)
  A centaur zombie (D:4)
  An orc priest (D:3)
  Crazy Yiuf (D:5)
  A jelly (D:4)
  A bullfrog skeleton (D:6)
  A scorpion zombie (D:4)
  A centaur skeleton (D:5)
  Jessica (D:3)
  Natasha (thrice) (D:3)
  An iguana (D:4)
  An orc wizard (D:3)
  4 gnolls (D:5)
  4 adders
  3 adder zombies (D:4)
  2 adder skeletons (D:4)
  5 worms
  A dart slug (D:1)
  4 orcs (D:3)
  8 ball pythons
  4 bats
  8 endoplasms
  2 giant cockroaches
  3 goblins
  4 hobgoblins
  9 kobolds
  5 quokkas
  2 frilled lizards
  2 rats (D:1)
91 creatures vanquished.

Vanquished Creatures (others)
  2 plants (D:6)
  3 withered plants (D:4)
5 creatures vanquished.

Grand Total: 96 creatures vanquished

Notes
Turn   | Place    | Note
-------+----------+-------------------------------------------
     0 | D:1      | cyrus the Human Fighter began the quest for the Orb.
     0 | D:1      | Reached XP level 1. HP: 18/18 MP: 1/1
   297 | D:1      | Reached XP level 2. HP: 22/24 MP: 2/2
   797 | D:2      | Found a faded altar of an unknown god.
   813 | D:2      | Prayed at the altar of an unknown god.
   813 | D:2      | Became a worshipper of Qazlal Stormbringer
   813 | D:2      | Reached * piety under Qazlal
   891 | D:2      | Reached XP level 3. HP: 10/29 MP: 3/3
  1500 | D:2      | Reached XP level 4. HP: 35/35 MP: 4/4
  2031 | D:2      | Reached skill level 3 in Axes
  2372 | D:3      | Noticed Natasha
  2382 | D:3      | Killed Natasha
  2383 | D:3      | Reached XP level 5. HP: 22/41 MP: 5/5
  2650 | D:3      | Noticed Natasha
  2655 | D:3      | Killed Natasha
  2733 | D:3      | Noticed Natasha
  2747 | D:3      | Reached skill level 1 in Dodging
  2756 | D:3      | Killed Natasha
  2757 | D:3      | Reached skill level 4 in Axes
  2757 | D:3      | Reached XP level 6. HP: 39/48 MP: 6/6
  2831 | D:3      | Noticed Jessica
  2834 | D:3      | Killed Jessica
  2834 | D:3      | Reached ** piety under Qazlal
  3018 | D:3      | Found a runed translucent gate.
  3018 | D:3      | Found a runed translucent gate.
  3018 | D:3      | Found a runed translucent gate.
  3020 | D:3      | Noticed lordive's ghost (amateur SpEn)
  3516 | D:4      | Reached skill level 5 in Axes
  3516 | D:4      | Reached XP level 7. HP: 43/53 MP: 7/7
  4167 | D:5      | Entered Level 5 of the Dungeon
  4230 | D:5      | Reached skill level 6 in Axes
  4296 | D:5      | Reached XP level 8. HP: 22/60 MP: 8/8
  4586 | D:5      | Identified the +3 ring mail "Yvveijen" {Harm Str+3}
  4947 | D:5      | Reached skill level 7 in Axes
  5197 | D:5      | Found a shadowy altar of Dithmenos.
  5204 | D:5      | Found an ornate altar of the Wu Jian Council.
  5414 | D:5      | Found a runed translucent door.
  5414 | D:5      | Noticed Crazy Yiuf
  5422 | D:5      | Killed Crazy Yiuf
  5743 | D:6      | Killed from afar by an electric eel

Illustrated notes

Levels and vault maps discovered:
D:1:      wander_arrival_desolate, layout_basic
D:2:      layout_loops_cross, serial_aquarium, aquarium_bridge_straight
          [aquarium_subvault_bridge, aquarium_subvault_window,
          aquarium_subvault_bridge, aquarium_subvault_wall],
          aquarium_bridge_straight [aquarium_subvault_bridge,
          aquarium_subvault_window, aquarium_subvault_bridge,
          aquarium_subvault_window], aquarium_window_corridor_3,
          aquarium_window_fake, aquarium_window_fake, aquarium_window_2,
          aquarium_view_2a, aquarium_balcony_double_4, aquarium_pool_corner,
          ebering_ecumenical_altar_box
D:3:      layout_loops_ring, gammafunk_ghost_nasty_kobolds, uniq_jessica,
          uniq_natasha
D:4:      layout_rooms, serial_undead, serial_undead_c, serial_undead_b,
          serial_undead_d, serial_undead_e, serial_undead_b,
          kennysheep_generic_room_7
D:5:      layout_basic, mainiacjoe_overflow_big_doors, uniq_crazy_yiuf_cottage
D:6:      layout_loops_cross, serial_shops, shop, gup_sewer_entry_glass,
          serial_bayou_lake_a, uniq_blork_the_orc

Skill      XL: |  1  2  3  4  5  6  7  8 |
---------------+-------------------------+-----
Axes           | 3 4 5 6 7 |  7.1
Dodging        | 1 |  1.8
Armour         | 4 |  4.9
Fighting       | 4 |  4.5
Stealth        | |  0.9
Shields        | |  3.9
Invocations    | |  0.1
Evocations     | |  0.6

Action                   |  1- 3 |  4- 6 |  7- 9 || total
-------------------------+-------+-------+-------++-------
Melee: War axe           |    53 |    85 |    87 ||   225
Invok: Upheaval          |       |     1 |       ||     1
Evoke: Wand              |       |       |     8 ||     8
  Use: Potion            |     1 |       |       ||     1
Armor: Scale mail        |    22 |    40 |    16 ||    78
       Ring mail         |       |       |    10 ||    10
Dodge: Dodged            |    19 |    38 |    35 ||    92
Block: Buckler           |    16 |    31 |    30 ||    77

Table legend: (Time is in decaauts)
 A = Elapsed time spent in this place.
 B = Non-inter-level travel time spent in this place.
 C = Inter-level travel time spent in this place.
 D = Time resting spent in this place.
 E = Time spent auto-exploring this place.
 F = Levels seen in this place.
 G = Mean time per level.
                   A        B        C        D        E       F      G
               +--------+--------+--------+--------+--------+-----+--------+
         Total |   5833 |   5441 |    392 |   1333 |   3090 |   6 |  972.2 |
       Dungeon |   5833 |   5441 |    392 |   1333 |   3090 |   6 |  972.2 |
               +--------+--------+--------+--------+--------+-----+--------+

Top non-repeatable levels by time:
     D:5: 1568 daAuts
     D:2: 1352 daAuts
     D:3: 1271 daAuts
     D:4: 823 daAuts
     D:1: 796 daAuts
     D:6: 20 daAuts
